 Dungeon Crawl Stone Soup version 0.31-a0-702-gf82c85558f (webtiles) character file.

Game seed: 9673824405598804713

310 qw the Shooter (level 6, 0/40 HPs)
             Began as a Gargoyle Hunter on Sept 8, 2023.
             Slain by a gnoll
             ... wielding a +0 flail
              (3 damage)
             ... on level 4 of the Dungeon.
             The game lasted 00:01:23 (3045 turns).

qw the Shooter (Gargoyle Hunter)                    Turns: 3045, Time: 00:01:24

Health: 0/40       AC: 10    Str: 20    XL:     6   Next: 41%
Magic:  6/6        EV: 11    Int: 10    God:
Gold:   198        SH:  0    Dex: 15    Spells: 5/5 levels left

rFire   . . .        Y - +1 shortbow
rCold   . . .        (shield currently unavailable)
rNeg    + . .        a - +0 ring mail
rPois   inf          (no helmet)
rElec   +            (no cloak)
rCorr   .            g - +0 pair of gloves
SInv    .            (no boots)
Will    .....        (no amulet)
Stlth   +            e - +6 ring of strength
HPRegen 0.26/turn    (no ring)
MPRegen 0.10/turn

%: no passive effects
@: about to teleport
A: sickness immunity, AC +4, negative energy resistance 1, electricity
resistance, torment resistance 1, petrification resistance
a: no special abilities


You were on level 4 of the Dungeon.
You visited 1 branch of the dungeon, and saw 4 of its levels.

You collected 198 gold pieces.


Innate Abilities, Weirdness & Mutations

You are immune to sickness and miasma.
Your stone body is resilient. (AC +4)
You are immune to poison.
You resist negative energy. (rN+)
You are resistant to electric shocks. (rElec)
You are resistant to unholy torment.
You are immune to petrification.


   Skills:
 - Level 4.8 Fighting
 + Level 6.0 Ranged Weapons
 - Level 1.6 Armour
 - Level 1.5 Dodging
 - Level 1.1 Stealth


You had 5 spell levels left.
You didn't know any spells.
Your spell library was empty.

Inventory:

Hand Weapons
 Y - a +1 shortbow (weapon)
Armour
 a - a +0 ring mail (worn)
 g - a +0 pair of gloves (worn)
Jewellery
 e - a +6 ring of strength (left hand)
Scrolls
 b - a scroll of revelation {unknown}
 k - 2 scrolls of identify
Potions
 d - a potion of haste
 j - a potion of cancellation {unknown}
 l - a potion of might {unknown}
 o - a potion of enlightenment

Dungeon Overview and Level Annotations

Branches:
Dungeon (4/15)
 Temple: D:4-7

Altars:


Message History

The gnoll hits you from afar with a +0 spear.
You shoot an arrow.
The arrow hits the hobgoblin but does no damage.
The hobgoblin is almost dead.
The hobgoblin barely misses you.
The gnoll hits you from afar with a +0 spear!
You shoot an arrow. The arrow hits the hobgoblin!
You kill the hobgoblin!
You shoot an arrow. The arrow hits the gnoll.
The gnoll is lightly wounded.
3034 ||| Stepping ~*~*~tactically~*~*~ (outnumbered).
You start resting.
A gnoll is nearby!
You shoot an arrow. The arrow barely misses the gnoll.
The gnoll misses you.
You shoot an arrow. The arrow barely misses the gnoll.
The gnoll barely misses you.
You shoot an arrow. The arrow closely misses the gnoll.
The gnoll hits you with a +0 halberd! The gnoll hits you but does no damage.
You shoot an arrow. The arrow barely misses the gnoll.
The gnoll hits you with a +0 halberd.
You shoot an arrow. The arrow hits the gnoll.
The gnoll is moderately wounded.
The gnoll closely misses you.
You shoot an arrow.
The arrow hits the gnoll but does no damage.
The gnoll is moderately wounded.
The gnoll hits you with a +0 halberd!
You shoot an arrow. The arrow hits the gnoll!
The gnoll is almost dead.
The gnoll hits you with a +0 halberd.
You shoot an arrow. The arrow hits the gnoll!
You kill the gnoll!
You shoot an arrow. The arrow closely misses the gnoll.
The gnoll closely misses you. The gnoll hits you with a +0 halberd!
3045 ||| READING scroll of teleportation.
As you read the scroll of teleportation, it crumbles to dust.
You feel strangely unstable. The gnoll hits you but does no damage.
The gnoll hits you with a +0 flail.
You die...

#.......### .. #.### #.###.#.#..
. #.# # ##.#.#.# .# g##.# #.
#..#.#.# . ...##.# #.##.##.#.#
g###..##.# #.......#.#
#gg..g###.#
#.......#.###.#g.....#.#
#.##.#.....#g###.###...#######
####.##..[.....g@#......#.......#
...)....#.....(...###.....#####.#
........#.....###.# #.###.#...#.#
.).###..#.....# #.# #............
..## ##....#### ......###.#..#...
..# #...## #...# #.#.###.. ###
###..# #...# #..## ##. # ##.#
#...######.#.###.# #.#
#.............#.##


You could see 2 gnolls.

Vanquished Creatures
  An ogre (D:4)
  An orc priest (D:3)
  An iguana (D:4)
  An orc wizard (D:3)
  A gnoll (D:4)
  2 adders
  A worm (D:4)
  2 dart slugs
  19 orcs
  5 endoplasms
  5 giant cockroaches
  8 goblins
  5 hobgoblins
  2 jackals (D:1)
  14 kobolds
  3 quokkas
  8 ball pythons
  A bat (D:1)
  6 frilled lizards
  6 rats
92 creatures vanquished.

Notes
Turn   | Place    | Note
-------+----------+-------------------------------------------
     0 | D:1      | qw the Gargoyle Hunter began the quest for the Orb.
     0 | D:1      | Reached XP level 1. HP: 12/12 MP: 1/1
     0 | D:1      | 0 ||| qw: Version: 0.3-a-76-g4403597
     0 | D:1      | 0 ||| qw: Game counter: 1257
     0 | D:1      | 0 ||| qw: Melee chars always use a shield: true
     0 | D:1      | 0 ||| qw: God list: Okawaru
     0 | D:1      | 0 ||| qw: Allow faded altars: false
     0 | D:1      | 0 ||| qw: Do Orc after clearing Dungeon:15 true
     0 | D:1      | 0 ||| qw: Do second Lair branch before Depths: true
     0 | D:1      | 0 ||| qw: Lair rune preference: random
     0 | D:1      | 0 ||| qw: Goals: Normal
     0 | D:1      | 0 ||| PLANNING D:1-11
    48 | D:1      | Reached XP level 2. HP: 16/17 MP: 2/2
   150 | D:1      | 150 ||| Stepping ~*~*~tactically~*~*~ (outnumbered).
   158 | D:1      | Reached XP level 3. HP: 20/21 MP: 3/3
   184 | D:1      | Reached skill level 5 in Ranged Weapons
   835 | D:1      | 835 ||| UPGRADING to +0 pair of gloves.
   840 | D:1      | 840 ||| READING scroll labelled WOCVIMP IWOUWA.
   841 | D:1      | 841 ||| READING scroll labelled QOCYOL HOCAZI.
   842 | D:1      | 842 ||| READING 2 scrolls labelled COGOYR MIRGH.
   845 | D:1      | 845 ||| READING scroll labelled ICKEYGA JIME.
   846 | D:1      | 846 ||| DRINKING 2 bubbling green potions.
   847 | D:1      | 847 ||| DROPPING scroll of butterflies.
   848 | D:1      | 848 ||| DROPPING potion of invisibility.
   999 | D:2      | Reached skill level 3 in Fighting
   999 | D:2      | Reached XP level 4. HP: 23/28 MP: 4/4
  1355 | D:2      | 1355 ||| DROPPING scarf of invisibility.
  1356 | D:2      | 1356 ||| UPGRADING to +6 ring of strength.
  1357 | D:2      | 1357 ||| READING scroll labelled RUTESU WAESCHO.
  1358 | D:2      | 1358 ||| READING scroll labelled FYF SYBUMYGGUN.
  1359 | D:2      | 1359 ||| READING scroll labelled NEUGEE INIZI.
  1360 | D:2      | 1360 ||| READING scroll labelled RIANIE YPLIOTS.
  1522 | D:3      | Reached XP level 5. HP: 32/32 MP: 5/5
  1928 | D:3      | Reached skill level 6 in Ranged Weapons
  2104 | D:3      | 2104 ||| UPGRADING to +0 ring mail.
  2114 | D:3      | 2114 ||| DROPPING +0 leather armour.
  2115 | D:3      | 2115 ||| DRINKING 2 viscous white potions.
  2116 | D:3      | 2116 ||| READING 4 scrolls of identify.
  2116 | D:3      | 2116 ||| IDENTIFYING bubbling puce potion
  2117 | D:3      | 2117 ||| READING 3 scrolls of identify.
  2117 | D:3      | 2117 ||| IDENTIFYING black potion
  2118 | D:3      | 2118 ||| READING 2 scrolls of identify.
  2118 | D:3      | 2118 ||| IDENTIFYING grey potion
  2237 | D:4      | Reached skill level 1 in Armour
  2349 | D:4      | 2349 ||| DRINKING potion of curing.
  2349 | D:4      | 2349 ||| (to cure confusion)
  2359 | D:4      | 2359 ||| FLEEEEING.
  2360 | D:4      | 2360 ||| FLEEEEING.
  2361 | D:4      | 2361 ||| FLEEEEING.
  2363 | D:4      | 2363 ||| FLEEEEING.
  2364 | D:4      | 2364 ||| FLEEEEING.
  2365 | D:4      | 2365 ||| FLEEEEING.
  2366 | D:4      | 2366 ||| FLEEEEING.
  2367 | D:4      | 2367 ||| FLEEEEING.
  2368 | D:4      | 2368 ||| FLEEEEING.
  2369 | D:4      | 2369 ||| FLEEEEING.
  2370 | D:4      | 2370 ||| FLEEEEING.
  2372 | D:4      | 2372 ||| FLEEEEING.
  2374 | D:4      | 2374 ||| FLEEEEING.
  2376 | D:4      | 2376 ||| FLEEEEING.
  2377 | D:4      | 2377 ||| FLEEEEING.
  2379 | D:4      | 2379 ||| FLEEEEING.
  2382 | D:4      | 2382 ||| FLEEEEING.
  2383 | D:4      | 2383 ||| FLEEEEING.
  2384 | D:4      | 2384 ||| FLEEEEING.
  2385 | D:4      | 2385 ||| FLEEEEING.
  2386 | D:4      | 2386 ||| FLEEEEING.
  2387 | D:4      | 2387 ||| STAIRDANCE
  2389 | D:4      | 2389 ||| STAIRDANCE
  2446 | D:4      | 2446 ||| STAIRDANCE
  2645 | D:4      | Noticed an ogre
  2651 | D:4      | HP: 7/33 [ogre/+0 giant spiked club (21)]
  2652 | D:4      | 2652 ||| READING 2 scrolls of teleportation.
  2653 | D:4      | 2653 ||| DRINKING potion of heal wounds.
  2781 | D:4      | Killed an ogre
  2782 | D:4      | Reached XP level 6. HP: 14/40 MP: 6/6
  3027 | D:4      | 3027 ||| Stepping ~*~*~tactically~*~*~ (outnumbered).
  3034 | D:4      | 3034 ||| Stepping ~*~*~tactically~*~*~ (outnumbered).
  3044 | D:4      | HP: 3/40 [gnoll/+0 halberd (10)]
  3045 | D:4      | 3045 ||| READING scroll of teleportation.
  3045 | D:4      | Slain by a gnoll

Levels and vault maps discovered:
D:1:      dpeg_arrival_long_road, layout_basic, lexackson_kobold_supper
D:2:      layout_basic
D:3:      layout_basic
D:4:      layout_loops_cross, nemelex_dance_club_becter,
          minmay_misc_feat_columns

Skill      XL: |  1  2  3  4  5 |
---------------+----------------+-----
Ranged Weapons | 5 6 |  6.0
Fighting       | 3 4 |  4.8
Armour         | 1 |  1.6
Dodging        | |  1.5
Stealth        | |  1.1

Action                     |  1- 3 |  4- 6 || total
---------------------------+-------+-------++-------
   Fire: Shortbow          |   130 |   192 ||   322
    Use: Scroll            |     4 |     9 ||    13
         Potion            |     1 |     3 ||     4
 Armour: Leather armour    |    28 |    50 ||    78
         Ring mail         |       |    40 ||    40
  Dodge: Dodged            |    31 |    51 ||    82

Table legend:
 A = Non-vault XP
 B = Vault XP
 C = Vault XP percentage of total XP
 D = Non-vault monster count
 E = Vault monster count
 F = Vault count percentage of total count
                 A         B        C        D         E       F
            +---------+---------+-------+---------+---------+-------
      Total |     434 |       9 |   2.0 |      84 |       8 |   8.7
            +---------+---------+-------+---------+---------+-------
        D:1 |      49 |       9 |  15.5 |      27 |       8 |  22.9
        D:2 |      35 |       0 |   0.0 |      15 |       0 |   0.0
        D:3 |     158 |       0 |   0.0 |      29 |       0 |   0.0
        D:4 |     192 |       0 |   0.0 |      13 |       0 |   0.0
            +---------+---------+-------+---------+---------+-------
